 Dungeon Crawl Stone Soup version 0.24-a0-630-g0d56a851f4 (webtiles) character file.

Game seed: 11727545764621721658, levelgen mode: deterministic

2797 Ijustatesigmund the Cleaver (level 9, -4/90 HPs)
             Began as a Minotaur Monk on Sept 20, 2019.
             Slain by a two-headed ogre
             ... wielding a +0 giant club
              (16 damage)
             ... on level 8 of the Dungeon.
             The game lasted 00:12:55 (6620 turns).

Ijustatesigmund the Cleaver (Minotaur Monk)         Turns: 6620, Time: 00:12:56

Health: -4/90      AC: 16    Str: 16    XL:     9   Next: 43%
Magic:  8/8        EV:  2    Int:  8    God:
Gold:   179        SH:  0    Dex: 15    Spells: 8/8 levels left

rFire    + . .     SeeInvis .   a - +3 war axe
rCold    . . .     Gourm    .   z - +0 large shield
rNeg     . . .     Faith    .   b - +0 plate armour
rPois    +         Spirit   .   (helmet restricted)
rElec    .         Reflect  .   m - +0 cloak
rCorr    .         Harm     .   e - +2 pair of gloves
MR       .....                  (no boots)
Stlth    ..........             (no amulet)
HPRegen  0.25/turn              g - ring of poison resistance
MPRegen  0.11/turn              (no ring)

@: confused
A: retaliatory headbutt, horns 2, fire resistance 1, robust 1, wild magic 1
a: no special abilities


You were on level 8 of the Dungeon.
You were not hungry.

You visited 2 branches of the dungeon, and saw 9 of its levels.

You collected 343 gold pieces.
You spent 164 gold pieces at shops.

Inventory:

Hand Weapons
 a - a +3 war axe (weapon)
Missiles
 w - a throwing net (quivered)
Armour
 b - a +0 plate armour (worn)
 e - a +2 pair of gloves (worn)
 m - a +0 cloak (worn)
 t - a scarf of cloud immunity
 z - a +0 large shield (worn)
Jewellery
 g - a ring of poison resistance (left hand)
Wands
 d - a wand of paralysis (8)
 p - a wand of random effects (23)
 u - a wand of digging (6)
 A - a wand of iceblast (9)
Scrolls
 i - 5 scrolls of remove curse
 j - 3 scrolls of magic mapping
 l - 6 scrolls of amnesia
 n - 2 scrolls of teleportation
 v - a scroll of noise {unknown}
 y - a scroll of blinking
Potions
 f - 2 potions of agility
 h - 3 potions of lignification
 k - a potion of heal wounds
 o - 4 potions of curing
 q - a potion of ambrosia
 r - 2 potions of might
 s - a potion of invisibility
 x - 2 potions of brilliance
Comestibles
 c - 20 rations


   Skills:
 + Level 8.7 Fighting
 - Level 11.6 Axes
 + Level 4.3 Armour
 - Level 6.1 Dodging
 - Level 1.5 Stealth
 * Level 0.0 Shields


You had 8 spell levels left.
You didn't know any spells.
Your spell library contained the following spells:

 Spells                   Type           Power        Failure   Level  Hunger
 Summon Small Mammal      Summ           #...         100%        1    ##.....
 Call Imp                 Summ           #.......     100%        2    ###....
 Call Canine Familiar     Summ           #.......     100%        3    ####...
 Summon Guardian Golem    Hex/Summ       #.......     100%        3    ####...
 Summon Ice Beast         Ice/Summ       #.......     100%        4    #####..
 Summon Lightning Spire   Summ/Air       #.......     100%        4    #####..


Dungeon Overview and Level Annotations

Branches:
Dungeon (8/15)             Temple (1/1) D:6
   Lair: D:8-11

Altars:
Ashenzari
Cheibriados
Dithmenos
Elyvilon
Fedhas
Hepliaklqana
Kikubaaqudgha
Makhleb
Nemelex Xobeh
Okawaru
Qazlal
Ru
Sif Muna
Trog
Uskayaw
Vehumet
Wu Jian
Yredelemnul
Zin
The Shining One

Shops:
D:4 ?:!*   D:5 :(

Annotations:
D:4 3 runed translucent doors, OnionEater's ghost, novice GrEE


Innate Abilities, Weirdness & Mutations

You reflexively headbutt those who attack you in melee.
You have a pair of horns on your head.
Your flesh is heat resistant. (rF+)
You are robust. (+10% HP)
Your spells are a little harder to cast, but a little more powerful.


Message History

* * * LOW HITPOINT WARNING * * *
It was a potion of ambrosia.
You are confused.
You feel invigorated. The ogre hits you with a +0 giant club!
* * * LOW HITPOINT WARNING * * *
You hit the two-headed ogre but do no damage.
Your headbutt misses the two-headed ogre.
The two-headed ogre is almost dead.
Your shield and plate armour prevent you from hitting the ogre.
The two-headed ogre hits you with a +0 giant club.
* * * LOW HITPOINT WARNING * * *
The two-headed ogre hits you with a +0 giant spiked club.
* * * LOW HITPOINT WARNING * * *
The ogre hits you with a +0 giant club!
* * * LOW HITPOINT WARNING * * *
You feel much better.
The two-headed ogre hits you with a +0 giant club!
* * * LOW HITPOINT WARNING * * *
The two-headed ogre hits you with a +0 giant spiked club!
You die...

.. .# .# # .#
#.#####.#
####...O@..#
.......O...####.#
########........#
#.#.###### #.#.#
#†#.# #)#.# #)#.#
##########.#.#


You could see a two-headed ogre and an ogre.

Vanquished Creatures
  Pikel (D:6)
  Grinder (D:3)
  A spriggan (D:7)
  A water moccasin (D:5)
  An orc warrior (D:6)
  A sky beast (D:8)
  An ice beast (D:7)
  2 ogres
  2 centaurs (D:5)
  A bullfrog (D:6)
  3 scorpions
  3 killer bees (D:7)
  A howler monkey (D:6)
  A centaur zombie (D:5)
  4 hounds
  7 orc wizards
  4 orc priests
  A bullfrog skeleton (D:6)
  2 iguanas
  3 worker ants
  A worker ant zombie (D:5)
  3 gnolls (D:8)
  6 adders
  4 shadow imps
  4 oozes
  4 worms
  3 dart slugs
  6 leopard geckos
  26 orcs
  4 giant cockroaches
  7 hobgoblins
  17 jackals
  4 quokkas
  3 ball pythons
  3 bats (D:2)
  15 frilled lizards
  4 goblins
  11 kobolds
  A leopard gecko skeleton (D:4)
  A quokka skeleton (D:4)
  10 rats
  A spectral orc (D:5)
179 creatures vanquished.

Vanquished Creatures (others)
  A bullfrog (D:6)
1 creature vanquished.

Grand Total: 180 creatures vanquished

Notes
Turn   | Place    | Note
-------+----------+-------------------------------------------
     0 | D:1      | Ijustatesigmund the Minotaur Monk began the quest for the
                  | Orb.
     0 | D:1      | Reached XP level 1. HP: 19/19 MP: 0/0
   100 | D:1      | Reached skill level 4 in Axes
   133 | D:1      | Reached XP level 2. HP: 24/27 MP: 1/1
   661 | D:1      | Reached XP level 3. HP: 30/33 MP: 2/2
   958 | D:2      | Reached skill level 5 in Axes
  1066 | D:2      | Reached XP level 4. HP: 37/41 MP: 3/3
  1153 | D:2      | Found a radiant altar of Vehumet.
  1366 | D:2      | Gained mutation: Your spells are a little harder to cast,
                  | but a little more powerful. [potion of mutation]
  1366 | D:2      | Gained mutation: You are robust. (+10% HP) [potion of
                  | mutation]
  1366 | D:2      | Gained mutation: Your flesh is heat resistant. (rF+)
                  | [potion of mutation]
  1446 | D:3      | Found a glowing silver altar of Zin.
  1537 | D:3      | Found a shattered altar of Ashenzari.
  1595 | D:3      | Noticed Grinder
  1622 | D:3      | Killed Grinder
  1622 | D:3      | Reached skill level 5 in Fighting
  1622 | D:3      | Reached skill level 6 in Axes
  1622 | D:3      | Reached XP level 5. HP: 32/52 MP: 4/4
  1622 | D:3      | Reached XP level 6. HP: 37/61 MP: 5/5
  2080 | D:3      | Reached skill level 7 in Axes
  2285 | D:4      | Found Voomn's Book Shop.
  2319 | D:4      | Reached XP level 7. HP: 40/68 MP: 6/6
  2333 | D:4      | Found Rilor's Distillery.
  2564 | D:4      | Bought 2 potions of heal wounds for 120 gold pieces
  2684 | D:4      | Found a runed translucent gate.
  2684 | D:4      | Found a runed translucent gate.
  2684 | D:4      | Found a runed translucent gate.
  2689 | D:4      | Noticed OnionEater's ghost (novice GrEE)
  2692 | D:4      | Found Tolor's General Store.
  2698 | D:4      | Bought a scroll of identify for 20 gold pieces
  2811 | D:4      | Found Peroer's Magic Scroll Boutique.
  2814 | D:4      | Bought a scroll of identify for 24 gold pieces
  2931 | D:5      | Entered Level 5 of the Dungeon
  2977 | D:5      | Reached skill level 8 in Axes
  3302 | D:5      | Found a basalt altar of Yredelemnul.
  3486 | D:5      | Found Seaf's Antique Weapon Boutique.
  3583 | D:5      | Found Dayducop's Book Emporium.
  3585 | D:5      | Reached skill level 9 in Axes
  3585 | D:5      | Reached XP level 8. HP: 69/78 MP: 7/7
  3826 | D:5      | Found an ornate altar of the Wu Jian Council.
  4189 | D:6      | Noticed Pikel
  4199 | D:6      | Killed Pikel
  4199 | D:6      | Reached skill level 10 in Axes
  4440 | D:6      | Found a staircase to the Ecumenical Temple.
  4485 | D:6      | Reached skill level 5 in Dodging
  4829 | D:6      | Reached XP level 9. HP: 89/89 MP: 8/8
  4894 | Temple   | Entered the Ecumenical Temple
  5519 | D:7      | Reached skill level 11 in Axes
  5613 | D:7      | Found a shadowy altar of Dithmenos.
  5614 | D:7      | Found an ancient bone altar of Kikubaaqudgha.
  5945 | D:7      | Found a burning altar of Makhleb.
  5945 | D:7      | Noticed a blizzard demon
  5948 | D:7      | Noticed an orange demon
  5948 | D:7      | Noticed a hellwing
  6206 | D:7      | Found a bloodstained altar of Trog.
  6460 | D:7      | Found an iron altar of Okawaru.
  6462 | D:7      | Found a snail-covered altar of Cheibriados.
  6606 | D:8      | Noticed a two-headed ogre
  6620 | D:8      | Slain by a two-headed ogre

Levels and vault maps discovered:
D:1:      kennysheep_arrival_forest, layout_loops_corners, minmay_lizard_king
D:2:      layout_basic, vehumet_crystals, minmay_circle_x
D:3:      layout_loops_ring, overflow_temple_1_default, old_standard_altar,
          first_ration, uniq_grinder
D:4:      layout_cave_pools, gammafunk_ghost_necromancy, serial_shops,
          kennysheep_mini_moat, shop, shop, nicolae_shop_crystal,
          chequers_serial_rivers_micro_c
D:5:      layout_gridville, lemuel_doored_altar,
          yredelemnul_forgotten_temple_becter, serial_shops,
          nicolae_shop_waterfront, shop_fountains
D:6:      layout_loops_corners, minmay_temple_entry_junction, uniq_pikel
D:7:      layout_loops_corners, gammafunk_temple_overflow_statue,
          makhleb_altar_promises_db, nicolae_overflow_hidden_temple,
          corner_web_ring, the_bakery
D:8:      layout_loops_ring
Temple:   nicolae_temple_figure_zero

Skill      XL: |  1  2  3  4  5  6  7  8  9 |
---------------+----------------------------+-----
Axes           | 4 5 6 7 9 10 11 | 11.6
Fighting       | 4 5 6 8 |  8.7
Armour         | 2 3 4 |  4.3
Dodging        | 5 6 |  6.1
Stealth        | |  1.5

Action                   |  1- 3 |  4- 6 |  7- 9 || total
-------------------------+-------+-------+-------++-------
Melee: Hand axe          |    72 |    51 |       ||   123
       Headbutt          |     7 |    17 |    30 ||    54
       War axe           |       |    60 |   254 ||   314
  Use: Scroll            |       |    10 |    11 ||    21
       Potion            |       |     1 |     4 ||     5
 Stab: Sleeping          |     5 |       |       ||     5
  Eat: Chunk             |       |     4 |     9 ||    13
       Ration            |       |       |     2 ||     2
Armor: Robe              |     7 |       |       ||     7
       Scale mail        |     8 |    32 |    34 ||    74
       Leather armour    |     2 |       |       ||     2
       Plate armour      |       |       |   116 ||   116
Dodge: Dodged            |    51 |    61 |   113 ||   225
Block: Large shield      |       |       |     2 ||     2

Table legend:
 A = Non-vault XP
 B = Vault XP
 C = Vault XP percentage of total XP
 D = Non-vault monster count
 E = Vault monster count
 F = Vault count percentage of total count
                 A         B        C        D         E       F
            +---------+---------+-------+---------+---------+-------
      Total |    2872 |    1125 |  28.1 |     162 |      17 |   9.5
            +---------+---------+-------+---------+---------+-------
        D:1 |      35 |      11 |  23.9 |      20 |       9 |  31.0
        D:2 |      93 |      18 |  16.2 |      33 |       4 |  10.8
        D:3 |     125 |     267 |  68.1 |      19 |       1 |   5.0
        D:4 |     309 |       0 |   0.0 |      15 |       0 |   0.0
        D:5 |     757 |       1 |   0.1 |      28 |       1 |   3.4
        D:6 |     570 |     617 |  52.0 |      17 |       1 |   5.6
        D:7 |     768 |     211 |  21.6 |      22 |       1 |   4.3
        D:8 |     215 |       0 |   0.0 |       8 |       0 |   0.0
            +---------+---------+-------+---------+---------+-------
